 Dungeon Crawl Stone Soup version 0.27-a0-1525-g1038ab4fd7 (webtiles) character file.

Game seed: 11627591171487544374

172 Sin92 the Skirmisher (level 5, 0/39 HPs)
             Began as a Demonspawn Fighter on July 10, 2021.
             Killed from afar by Sigmund (5 damage)
             ... with a puff of flame
             ... on level 4 of the Dungeon.
             The game lasted 00:02:52 (3302 turns).

Sin92 the Skirmisher (Demonspawn Fighter)           Turns: 3302, Time: 00:02:52

Health: 0/39       AC: 14    Str: 17    XL:     5   Next: 27%
Magic:  0/5        EV:  3    Int: 10    God:
Gold:   170        SH:  9    Dex: 18    Spells: 4/4 levels left

rFire    . . .     SeeInvis .   a - +1 war axe
rCold    . . .     Faith    .   c - +0 kite shield
rNeg     . . .     Spirit   +   f - +1 plate armour
rPois    .         Reflect  .   (no helmet)
rElec    +         Harm     .   (no cloak)
rCorr    +         Rampage  .   (no gloves)
Will     .....     Clarity  +   (no boots)
Stlth    ..........             (no amulet)
HPRegen  0.13/turn              m - +6 ring of dexterity
MPRegen  0.18/turn              j - ring of resist corrosion

@: flying
A: rugged brown scales 2, magic shield, magic regeneration, clarity, frail 1,
electricity resistance
a: no special abilities


You were on level 4 of the Dungeon.
You visited 1 branch of the dungeon, and saw 4 of its levels.

You collected 170 gold pieces.

Inventory:

Hand Weapons
 a - a +1 war axe (weapon)
 d - a +2 spear of venom
Armour
 b - a +0 scale mail
 c - a +0 kite shield (worn)
 f - a +1 plate armour (worn)
Jewellery
 j - a ring of resist corrosion (right hand)
 m - a +6 ring of dexterity (left hand)
Wands
 h - a wand of charming (11)
Scrolls
 i - 2 scrolls of enchant armour
Potions
 g - a potion of berserk rage {unknown}


   Skills:
 + Level 3.7 Fighting
 * Level 3.2 Axes
 + Level 3.2 Armour
 + Level 1.4 Dodging
 + Level 3.3 Shields


You had 4 spell levels left.
You didn't know any spells.
Your spell library contained the following spells:

 Spells                   Type           Power      Damage    Failure   Level
 Ozocubu's Armour         Ice            0%         N/A       100%        3
 Ozocubu's Refrigeration  Ice            0%         4d5       100%        7


Dungeon Overview and Level Annotations

Branches:
Dungeon (4/15)
 Temple: D:4-7

Altars:
Uskayaw

Annotations:
D:4 Sigmund


Innate Abilities, Weirdness & Mutations

You are mostly covered in rugged brown scales. (AC +2, +5% HP)
When hurt, damage is shared between your health and your magic reserves.
You regenerate magic rapidly.
You possess an exceptional clarity of mind.
You are frail. (-10% HP)
You are resistant to electric shocks. (rElec)


Message History

You kill the hobgoblin!
You barely miss something.
You hear some strange, mumbled words.
Something tries to affect you, but you resist.
Something hits you but does no damage.
Unknown command.
No target in view!
Unknown command.
No target in view!
Unknown command.
No target in view!
It was a potion of flight.
You feel very buoyant.
You fly up into the air.
Something hits you.
Your plate armour prevents you from hitting something.
Something hits you.
You closely miss something. Something hits you.
Something hits you but does no damage.
Your plate armour prevents you from hitting something.
You block something's attack.
Your plate armour prevents you from hitting something.
Something hits you!
You hear some strange, mumbled words.
Something tries to affect you, but you resist.
You hit something but do no damage. Something hits you but does no damage.
You barely miss something. Something hits you.
* * * LOW HITPOINT WARNING * * *
Something hits you but does no damage.
You closely miss something. Something hits you.
* * * LOW HITPOINT WARNING * * *
You block something's attack.
You hit something. Something hits you but does no damage.
You hit something but do no damage. Something hits you.
* * * LOW HITPOINT WARNING * * *
Something hits you but does no damage.
You miss something.
You hear some strange, mumbled words.
A puff of flame appears from out of thin air!
The puff of flame hits you.
You die...

#........
.........##
##.......
..........#
##..####
..........#
###.....#
..........##
##...##...#
...........###..###
##..
...........##..##
## ..............##
......{@....###
..(...)...!##
...........#
...........#
..........##
.........##
.[...!)..#
......##..


There were no monsters in sight!

Vanquished Creatures
  A scorpion (D:4)
  5 adders
  An ufetubus (D:4)
  8 bats
  3 endoplasms
  3 giant cockroaches
  4 goblins
  4 hobgoblins
  4 jackals
  6 quokkas
  7 ball pythons
  A frilled lizard (D:2)
  8 kobolds
  3 rats
58 creatures vanquished.

Notes
Turn   | Place    | Note
-------+----------+-------------------------------------------
     0 | D:1      | Sin92 the Demonspawn Fighter began the quest for the Orb.
     0 | D:1      | Reached XP level 1. HP: 18/18 MP: 1/1
   407 | D:1      | Gained mutation: You regenerate magic rapidly. [demonic
                  | ancestry]
   407 | D:1      | Reached XP level 2. HP: 24/24 MP: 2/2
   420 | D:1      | Found a faded altar of an unknown god.
  1158 | D:2      | Gained mutation: You are partially covered in rugged brown
                  | scales. (AC +1, +3% HP) [demonic ancestry]
  1158 | D:2      | Reached XP level 3. HP: 24/29 MP: 3/3
  1184 | D:2      | Found a hide-covered altar of Uskayaw.
  1339 | D:2      | Reached skill level 1 in Dodging
  1744 | D:3      | Gained mutation: You are mostly covered in rugged brown
                  | scales. (AC +2, +5% HP) [demonic ancestry]
  1744 | D:3      | Reached XP level 4. HP: 29/36 MP: 4/4
  1880 | D:3      | You fall into a shaft and drop 1 floor!
  1990 | D:4      | Noticed a scorpion
  2003 | D:4      | Gained mutation: You are frail. (-10% HP) [potion of
                  | mutation]
  2003 | D:4      | Gained mutation: You possess an exceptional clarity of
                  | mind. [potion of mutation]
  2003 | D:4      | Gained mutation: You are resistant to electric shocks.
                  | (rElec) [potion of mutation]
  2007 | D:4      | Killed a scorpion
  2008 | D:4      | Gained mutation: When hurt, damage is shared between your
                  | health and your magic reserves. [demonic ancestry]
  2008 | D:4      | Reached XP level 5. HP: 11/38 MP: 5/5
  3277 | D:4      | Noticed Sigmund
  3302 | D:4      | Killed from afar by Sigmund

Illustrated notes

Levels and vault maps discovered:
D:1:      evilmike_arrival_crescent, layout_basic,
          hellmonk_ecumenical_altar_dog_temple, chequers_serial_rivers_room_a
D:2:      layout_rooms, basic_altar, minmay_3d_cube
D:3:      layout_basic, minmay_statues_item, grunt_decor_arrowhead
D:4:      layout_cave_pods, uniq_sigmund

Skill      XL: |  1  2  3  4 |
---------------+-------------+-----
Axes           | 2 3 |  3.2
Shields        | 3 |  3.3
Dodging        | 1 |  1.4
Armour         | 3 |  3.2
Fighting       | |  3.7

Action                   |  1- 3 |  4- 6 || total
-------------------------+-------+-------++-------
Melee: War axe           |   114 |    99 ||   213
  Use: Scroll            |     3 |       ||     3
       Potion            |       |     7 ||     7
Armor: Scale mail        |    34 |       ||    34
       Plate armour      |    64 |    81 ||   145
       Skin              |       |     3 ||     3
Dodge: Dodged            |    26 |    12 ||    38
Block: Kite shield       |    76 |    54 ||   130

Table legend: (Time is in decaauts)
 A = Elapsed time spent in this place.
 B = Non-inter-level travel time spent in this place.
 C = Inter-level travel time spent in this place.
 D = Time resting spent in this place.
 E = Time spent auto-exploring this place.
 F = Levels seen in this place.
 G = Mean time per level.
                   A        B        C        D        E       F      G
               +--------+--------+--------+--------+--------+-----+--------+
         Total |   3433 |   3378 |     55 |    250 |   2563 |   4 |  858.2 |
       Dungeon |   3433 |   3378 |     55 |    250 |   2563 |   4 |  858.2 |
               +--------+--------+--------+--------+--------+-----+--------+

Top non-repeatable levels by time:
     D:1: 1193 daAuts
     D:3: 943 daAuts
     D:4: 682 daAuts
     D:2: 613 daAuts
